 Dungeon Crawl Stone Soup version 0.18-a0-824-g47fe746 (webtiles) character file.

51 JokEr the Insei (level 3, 0/24 HPs)
             Began as an Octopode Transmuter on Dec 17, 2015.
             Succumbed to an adder's poison
             ... on level 2 of the Dungeon.
             The game lasted 00:02:00 (1338 turns).

JokEr the Insei (Octopode Transmuter)               Turns: 1338, Time: 00:02:00

Health: 0/24       AC:  1    Str:  9    XL:     3   Next: 83%
Magic:  5/6        EV: 12    Int: 16    God:
Gold:   28         SH:  0    Dex: 12    Spells: 1 memorised, 5 levels left

rFire  . . .     SeeInvis .       - Unarmed
rCold  . . .     Gourm    .     (no shield)
rNeg   . . .     Faith    .     (helmet restricted)
rPois  .         Spirit   .     (no amulet)
rElec  .         Dismiss  .     (no ring)
rCorr  .         Reflect  .     (no ring)
SustAt .         Harm     .     (no ring)
MR     .....                    (no ring)
Stlth  ++........               (no ring)
                                (no ring)
                                (no ring)
                                (no ring)

@: lethally poisoned (0 -> -8), appendage (expiring), not resistant to hostile
enchantments, unstealthy
A: almost no armour, amphibious, 8 rings, constrict 8, tentacle spike 3,
camouflage 1, gelatinous body 1
a: End Transformation


You were on level 2 of the Dungeon.
You were not hungry.
One of your tentacles had a temporary spike.
You visited 1 branch of the dungeon, and saw 2 of its levels.

You collected 28 gold pieces.

Inventory:

Missiles
 a - 33 arrows
Scrolls
 d - a scroll of identify {unknown}
Potions
 f - a potion of agility {unknown}
 g - a potion of curing {unknown}
Books
 b - a book of Changes

   Spells                             Type                      Level
   a - Beastly Appendage              Transmutation                1
   b - Sticks to Snakes               Transmutation                2
   c - Spider Form                    Transmutation/Poison         3
   d - Ice Form                       Ice/Transmutation            4
   e - Blade Hands                    Transmutation                5
Comestibles
 c - a bread ration
 h - a meat ration


   Skills:
 + Level 1.9 Fighting
 - Level 2.0 Dodging
 + Level 3.5 Unarmed Combat
 - Level 2.0 Spellcasting
 + Level 3.1 Transmutations


You had 5 spell levels left.
You knew the following spells:

 Your Spells              Type           Power        Failure   Level  Hunger
a - Beastly Appendage     Trmt           ##....       8%          1    #......


Dungeon Overview and Level Annotations

Branches:
Dungeon (2/15)

Altars:


Innate Abilities, Weirdness & Mutations

You cannot wear most types of armour.
You are amphibious.
You can wear up to eight rings at the same time.
You can use your tentacles to constrict eight enemies at once.
Your skin changes colour to match your surroundings (Stealth).
Your rubbery body absorbs attacks (AC +1).
One of your tentacles bears a large vicious spike.


Message History

The adder is lightly wounded.
Your transformation is almost over.
You constrict the adder.
* * * LOW HITPOINT WARNING * * *
You feel sick. The bat hits you but does no damage.
The adder barely misses you.
You tentacle-slap the adder.
The adder is heavily wounded.
You constrict the adder.
* * * LOW HITPOINT WARNING * * *
You feel sick. The bat barely misses you. The adder barely misses you.
You tentacle-slap the adder but do no damage.
Your tentacle spike misses the adder.
The adder is heavily wounded.
You constrict the adder. The adder bites you.
* * * LOW HITPOINT WARNING * * *
The bat closely misses you.
You tentacle-slap the adder.
You kill the adder!
You die...

#####.#####.####
##.#####.#
#........#
#...###### #...#
#...# #...#
.###...######.<.
.........@.......
........b..!.....
.>...............
..###...########.
## #...# #...#
#...# #...


You could see a bat.

Vanquished Creatures
  An adder (D:2)
  A gnoll (D:1)
  An ooze (D:1)
  3 giant cockroaches (D:1)
  4 goblins
  5 hobgoblins (D:1)
  2 jackals (D:1)
  3 kobolds (D:1)
  3 bats
  3 rats (D:1)
26 creatures vanquished.

Notes
Turn   | Place    | Note
--------------------------------------------------------------
     0 | D:1      | JokEr the Octopode Transmuter began the quest for the Orb.
     0 | D:1      | Reached XP level 1. HP: 13/13 MP: 3/3
   257 | D:1      | Reached XP level 2. HP: 6/18 MP: 3/5
   678 | D:1      | Reached XP level 3. HP: 14/23 MP: 4/6
  1337 | D:2      | HP: 1/24 [adder (3)]
  1338 | D:2      | Succumbed to an adder's poison

Vault maps used:
D:1:      lightli_arrival_quake, corexii_leaking_fountain
D:2:      lemuel_upstairs_altar, evilmike_ruin_ashenzari,
          trog_three_pillars_becter

Action                   || total
-------------------------++-------
Melee: Unarmed           ||    58
 Cast: Beastly Appendage ||     9
  Use: Scroll            ||     3
 Stab: Sleeping          ||     8
  Eat: Chunk             ||     1
